 Dungeon Crawl Stone Soup version 0.31-a0-881-ge136f0c47a (webtiles) character file.

Game seed: 9503757834763513808

2205 CowFu the Carver (level 9, -10/70 HPs)
             Began as a Green Draconian Monk on Oct 15, 2023.
             Was a Priest of the Shining One.
             Mangled by an ogre
             ... wielding a +0 giant club
              (20 damage)
             ... on level 7 of the Dungeon.
             The game lasted 00:06:27 (5383 turns).

CowFu the Carver (Green Draconian Monk)             Turns: 5383, Time: 00:06:28

Health: -10/70     AC:  7    Str: 13    XL:     9   Next: 12%
Magic:  9/9        EV: 12    Int: 12    God:    the Shining One [***...]
Gold:   90         SH:  5    Dex: 17    Spells: 8/8 levels left

rFire   . . .        a - +0 falchion
rCold   . . .        n - +0 buckler
rNeg    + . .        (body armour unavailable)
rPois   +            (helmet restricted)
rElec   .            (no cloak)
rCorr   .            (no gloves)
SInv    .            (no boots)
Will    .....        (no amulet)
Stlth   +            (no ring)
HPRegen 0.31/turn    (no ring)
MPRegen 0.11/turn

%: no passive effects
@: glowing
A: breathe noxious fumes, AC +7, unfitting armour, poison resistance,
cold-blooded
a: Breathe Noxious Fumes, Renounce Religion, Divine Shield, Cleansing Flame


You were on level 7 of the Dungeon.
You worshipped the Shining One.
The Shining One was most pleased with you.
You visited 1 branch of the dungeon, and saw 7 of its levels.

You collected 317 gold pieces.
You spent 227 gold pieces at shops.

Inventory:

Hand Weapons
 a - a +0 falchion (weapon)
 b - a +4 orcbow of flaming
Armour
 n - a +0 buckler (worn)
Jewellery
 j - a ring of protection from cold
 m - a ring of positive energy
 y - a ring of flight
Scrolls
 c - 2 scrolls of vulnerability {unknown}
 f - a scroll of amnesia {unknown}
 g - a scroll of identify
 h - a scroll of enchant armour {unknown}
 k - a scroll of teleportation {unknown}
 o - a scroll of acquirement {unknown}
 p - a scroll of enchant weapon {unknown}
 r - a scroll of revelation {unknown}
 s - a scroll of poison {unknown}
 t - a scroll of fear
Potions
 d - 2 potions of lignification
 e - 5 potions of degeneration
 i - 5 potions of curing {unknown}
 l - 3 potions of mutation {unknown}
 q - a potion of cancellation {unknown}
 u - a potion of haste {unknown}
 v - 2 potions of ambrosia
 w - a potion of might {unknown}
 x - a potion of berserk rage {unknown}
 z - 2 potions of enlightenment {unknown}


   Skills:
 - Level 3.2 Fighting
 + Level 12.2 Long Blades
 - Level 2.6 Dodging
 - Level 2.0 Shields


You had 8 spell levels left.
You didn't know any spells.
Your spell library contained the following spells:

 Spells                   Type           Power      Damage    Failure   Level
 Foxfire                  Conj/Fire      0%         2x1d4     41%         1
 Freeze                   Ice            0%         1d3       41%         1
 Frozen Ramparts          Ice            0%         1d1       80%         3
 Hailstorm                Conj/Ice       0%         3d3       80%         3
 Plasma Beam              Fire/Air       0%         2x1d10    100%        6
 Starburst                Conj/Fire      0%         6d3       100%        6


Dungeon Overview and Level Annotations

Branches:
Dungeon (7/15)             Temple (0/1) D:5

Altars:
Dithmenos
Fedhas
Nemelex Xobeh
Okawaru
The Shining One

Shops:
D:3 *   D:5 ?


Innate Abilities, Weirdness & Mutations

You can breathe blasts of noxious fumes.
Your lurid green scales are hard. (AC +7)
You cannot fit into any form of body armour.
Your system is resistant to poisons. (rPois)
You are cold-blooded and may be slowed by cold attacks.


Message History

* * * LOW HITPOINT WARNING * * *
The orc warrior misses you.
As you read the scroll of fear, it crumbles to dust.
You assume a fearsome visage.
The orc warrior looks frightened!
The orc wizard looks frightened!
An orc warrior opens the door.
There is an open door here.
Found a helmet.
The orc warrior seems to regain its courage.
The orc priest invokes the aid of Beogh against you.
Beogh smites you!
* * * LOW HITPOINT WARNING * * *
There is a stone staircase leading down here.
You climb downwards.
You hear the roar of battle.
There is an entrance to a bailey on this level.
Hurry and find it before the portal closes forever!
The ogre shouts!
There is a stone staircase leading up here.
A black bear comes into view.
The black bear growls angrily.
You hit the black bear but do no damage.
You hit the black bear.
The black bear is lightly wounded.
The black bear bites you.
* * * LOW HITPOINT WARNING * * *
The black bear claws you.
* * * LOW HITPOINT WARNING * * *
The black bear misses you.
You hit the black bear.
The black bear is lightly wounded.
The black bear closely misses you.
The black bear claws you but does no damage.
The black bear barely misses you.
You slash the black bear! You tail-slap the black bear.
The black bear is heavily wounded.
The black bear bites you but does no damage.
The black bear barely misses you.
The black bear claws you but does no damage.
The ogre hits you with a +0 giant club!!
You die...

########
#......#
#....@.#
#...Oh.#
#......##
#........#
##........#
#.........#
#.........#
#.........#
###.........#


You could see a black bear and an ogre.

Vanquished Creatures
  6 yaks (D:5)
  A water moccasin (D:5)
  An ice beast (D:5)
  A black bear (D:4)
  An ogre (D:5)
  A centaur (D:6)
  4 phantoms (D:5)
  A bullfrog (D:4)
  A scorpion (D:5)
  A killer bee (D:5)
  A howler monkey (D:6)
  3 hounds
  2 jellies (D:5)
  2 iguanas (D:5)
  2 gnolls (D:5)
  8 adders
  A shadow imp (D:5)
  A worm (D:2)
  5 dart slugs
  9 orcs
  13 ball pythons
  4 bats
  8 endoplasms
  6 giant cockroaches
  5 goblins
  8 hobgoblins
  2 jackals (D:4)
  3 kobolds
  4 quokkas
  3 frilled lizards
  5 rats
113 creatures vanquished.

Notes
Turn   | Place    | Note
-------+----------+-------------------------------------------
     0 | D:1      | CowFu the Draconian Monk began the quest for the Orb.
     0 | D:1      | Reached XP level 1. HP: 19/19 MP: 1/1
   176 | D:1      | Reached XP level 2. HP: 20/26 MP: 2/2
   418 | D:1      | Reached skill level 4 in Long Blades
   648 | D:1      | Reached XP level 3. HP: 31/31 MP: 3/3
  1059 | D:2      | Reached XP level 4. HP: 38/38 MP: 4/4
  1112 | D:2      | Reached skill level 5 in Long Blades
  1697 | D:3      | Found a glowing golden altar of the Shining One.
  1702 | D:3      | Found a shadowy altar of Dithmenos.
  1705 | D:3      | Found an iron altar of Okawaru.
  1705 | D:3      | Found a sparkling altar of Nemelex Xobeh.
  1716 | D:3      | Became a worshipper of the Shining One
  1716 | D:3      | Reached * piety under the Shining One
  1716 | D:3      | Reached ** piety under the Shining One
  1734 | D:3      | Found a blossoming altar of Fedhas.
  1946 | D:3      | You fall into a shaft and drop 1 floor!
  2129 | D:3      | Found Tistofia's Assorted Antiques.
  2134 | D:3      | Bought a scroll labelled MEITZE FEZA for 25 gold pieces
  2134 | D:3      | Bought a green potion for 22 gold pieces
  2134 | D:3      | Bought a scroll labelled JABLAL YDDOU for 25 gold pieces
  2134 | D:3      | Bought a fuming ruby potion for 22 gold pieces
  2134 | D:3      | Bought 2 orange potions for 45 gold pieces
  2325 | D:3      | Reached skill level 1 in Shields
  2725 | D:4      | Reached XP level 5. HP: 35/45 MP: 5/5
  3208 | D:4      | Reached skill level 6 in Long Blades
  3294 | D:4      | Noticed a black bear
  3308 | D:4      | Killed a black bear
  3309 | D:4      | Reached XP level 6. HP: 21/51 MP: 6/6
  3502 | D:3      | Bought a golden potion for 22 gold pieces
  3530 | D:5      | Entered Level 5 of the Dungeon
  3530 | D:5      | Found Pemeanyo's Magic Scroll Boutique.
  3534 | D:5      | Bought a scroll of fear for 44 gold pieces
  3534 | D:5      | Bought a scroll of identify for 22 gold pieces
  3593 | D:5      | Noticed an ice beast
  3601 | D:5      | Killed an ice beast
  3602 | D:5      | Reached skill level 7 in Long Blades
  3707 | D:5      | Noticed a yak
  3708 | D:5      | Noticed a yak
  3708 | D:5      | Noticed a yak
  3709 | D:5      | Noticed a yak
  3709 | D:5      | Noticed a yak
  3710 | D:5      | Noticed a yak
  3722 | D:5      | Killed a yak
  3723 | D:5      | Reached skill level 8 in Long Blades
  3723 | D:5      | Your scales start taking on a lurid green colour.
  3723 | D:5      | Reached XP level 7. HP: 43/57 MP: 7/7
  3723 | D:5      | Gained mutation: Your system is resistant to poisons.
                  | (rPois) [Green Draconian growth]
  3727 | D:5      | Killed a yak
  3735 | D:5      | Killed a yak
  3736 | D:5      | Reached skill level 9 in Long Blades
  3919 | D:5      | Killed a yak
  3920 | D:5      | Reached XP level 8. HP: 27/63 MP: 8/8
  3932 | D:5      | Reached skill level 10 in Long Blades
  4184 | D:5      | Reached skill level 11 in Long Blades
  4309 | D:5      | Identified the +3 flail of Conscience {venom, rElec rPois
                  | rC+ Dex+3}
  4453 | D:5      | Found a staircase to the Ecumenical Temple.
  4567 | D:5      | Reached XP level 9. HP: 33/70 MP: 9/9
  4581 | D:5      | Reached skill level 12 in Long Blades
  5323 | D:6      | Reached *** piety under the Shining One
  5383 | D:7      | Mangled by an ogre

Illustrated notes

Levels and vault maps discovered:
D:1:      wander_arrival_estate, layout_basic
D:2:      layout_loops_ring, minmay_misc_feat_chi
D:3:      layout_basic, nicolae_overflow_hallway_of_the_gods, serial_shops,
          nicolae_shop_hallway_stairs, minmay_misc_feat_tiny,
          hangedman_decor_points
D:4:      layout_loops_ring
D:5:      minmay_clustersquares, layout_loops_ring,
          minmay_temple_entry_poolview, serial_shops, shop, minivault_11,
          serial_bayou_lagoon_b
D:6:      layout_basic
D:7:      layout_basic, enter_bailey_2, uniq_duvessa

Skill      XL: |  1  2  3  4  5  6  7  8  9 |
---------------+----------------------------+-----
Long Blades    | 4 5 6 8 9 11 12 | 12.2
Shields        | 1 2 |  2.0
Fighting       | |  3.2
Dodging        | |  2.6

Action                     |  1- 3 |  4- 6 |  7- 9 || total
---------------------------+-------+-------+-------++-------
  Melee: Falchion          |   102 |   145 |   177 ||   424
         Tailslap          |    10 |    12 |    33 ||    55
Ability: Breathe Noxious F |       |       |     3 ||     3
    Use: Scroll            |       |     3 |     2 ||     5
         Potion            |       |       |     1 ||     1
 Armour: Skin              |    59 |    88 |    92 ||   239
  Dodge: Dodged            |    66 |    74 |    88 ||   228
  Block: Buckler           |       |    18 |    42 ||    60

Table legend: (Time is in decaauts)
 A = Elapsed time spent in this place.
 B = Non-inter-level travel time spent in this place.
 C = Inter-level travel time spent in this place.
 D = Time resting spent in this place.
 E = Time spent auto-exploring this place.
 F = Levels seen in this place.
 G = Mean time per level.
                   A        B        C        D        E       F      G
               +--------+--------+--------+--------+--------+-----+--------+
         Total |   5391 |   5124 |    267 |      0 |   4232 |   7 |  770.1 |
       Dungeon |   5391 |   5124 |    267 |      0 |   4232 |   7 |  770.1 |
               +--------+--------+--------+--------+--------+-----+--------+

Top non-repeatable levels by time:
     D:5: 1488 daAuts
     D:4: 1102 daAuts
     D:3: 954 daAuts
     D:1: 913 daAuts
     D:2: 727 daAuts
     D:6: 179 daAuts
     D:7: 25 daAuts
